Map: Abyssal Reef LE

Players

Franchise - Winner!

  • Race: Zerg Zerg
  • Spawn Location: 11:00

A.I. 1 (Harder)

  • Race: Zerg Zerg
  • Spawn Location: 5:00

VOD

Have the link to the VOD?

Description

Time

  • Played on: Sept. 14, 2017, 10:21 p.m.
  • Length: 11:16
Show
View Real Time Build Order
Export as new Build Order

Franchise Zerg - Winner!

Build Orders: Pool First 

Get SALT Encoding   

  12  0:08  Drone  
  12  0:12  Overlord  
  13  0:36  Drone x3  
  13  0:42  Extractor  
  15  0:49  Spawning Pool  
  14  0:51  Drone  
  15  1:14  Drone x2  
  17  1:24  Drone  
  18  1:38  Drone  
  19  1:40  Hatchery  
  18  1:47  Drone  
  19  1:58  Overlord  
  19  2:04  Drone  
  19  2:08  Metabolic Boost  
  20  2:17  Queen  
  20  2:20  Drone  
  23  2:24  Drone  
  24  2:40  Drone  
  25  2:48  Overlord  
  25  2:52  Queen  
  27  3:07  Drone x4  
  27  3:09  Queen  
  33  3:18  Zergling x4  
  35  3:46  Zergling x4  
  37  3:54  Spine Crawler  
  36  3:59  Drone x4  
  36  4:00  Drone x2  
  42  4:14  Lair  
  42  4:19  Evolution Chamber  
  42  4:21  Roach Warren  
  41  4:38  Drone x4  
  41  4:40  Overlord x3  
  44  4:49  Zerg Ground Armor Level 1  
  44  5:06  Roach x5  
  54  5:08  Hatchery  
  54  5:11  Glial Reconstitution  
  53  5:20  Extractor  
  52  5:26  Extractor  
  51  5:52  Queen  
  51  5:54  Drone x8  
  51  5:55  Drone  
  62  5:57  Overlord x2  
  62  5:58  Overlord  
  62  6:17  Roach x5  
  72  6:51  Ravager x3  
  72  6:52  Ravager  
  76  7:10  Overlord x2  
  76  7:11  Overlord x3  
  76  7:12  Overlord x3  
  76  7:13  Hatchery  
  75  7:25  Roach  
  75  7:26  Roach x8  
  93  7:58  Spire  
  93  8:03  Zerg Melee Weapons Level 1  
  93  8:04  Evolution Chamber  
  91  8:16  Zergling x30  
  91  8:17  Zergling x6  
  109  8:34  Unknown  
  97  8:49  Roach  
  97  8:50  Roach x11  
  97  8:54  Unknown  
  98  9:13  Mutalisk x2  
  102  9:18  Drone x9  
  97  9:44  Zergling x2  
  97  9:45  Zergling x26  
  109  10:02  Mutalisk x4  
  117  10:13  Zergling x14  
  122  10:18  Unknown  
  122  10:22  Overlord x4  
  111  10:36  Mutalisk  
  111  10:37  Mutalisk  
  111  10:38  Mutalisk  
  113  11:00  Unknown  
Show
View Real Time Build Order
Export as new Build Order

A.I. 1 (Harder) Zerg 

Build Orders: Hatch First 

Get SALT Encoding   

  12  0:00  Drone  
  13  0:12  Overlord  
  13  0:16  Drone  
  14  0:31  Drone x2  
  14  0:34  Drone  
  17  0:55  Hatchery, Drone  
  17  1:10  Spawning Pool  
  16  1:12  Drone  
  16  1:15  Drone  
  18  1:18  Extractor  
  18  1:21  Drone  
  18  1:29  Overlord  
  18  1:38  Drone  
  19  1:59  Queen  
  19  2:00  Zergling x4  
  23  2:02  Roach Warren  
  23  2:06  Drone  
  23  2:07  Extractor  
  22  2:11  Drone  
  23  2:23  Drone  
  24  2:33  Drone  
  25  2:37  Overlord  
  25  2:42  Roach  
  27  2:52  Roach  
  29  2:58  Extractor  
  29  3:02  Roach  
  30  3:07  Drone  
  30  3:12  Lair, Roach  
  33  3:22  Ravager  
  34  3:28  Extractor  
  33  3:35  Drone  
  33  3:36  Overlord  
  34  3:46  Drone  
  35  3:49  Drone  
  35  3:53  Drone, Roach  
  39  3:57  Drone  
  39  4:00  Drone  
  41  4:05  Drone  
  42  4:10  Overlord  
  42  4:12  Hydralisk Den  
  42  4:15  Drone  
  42  4:18  Drone  
  42  4:21  Drone  
  44  4:24  Drone  
  44  4:30  Roach  
  47  4:40  Roach  
  47  4:45  Overlord  
  49  4:50  Roach  
  53  5:00  Roach  
  53  5:04  Drone  
  54  5:09  Overlord, Hydralisk  
  54  5:13  Drone  
  57  5:15  Drone  
  57  5:19  Hydralisk  
  57  5:20  Drone  
  61  5:21  Drone  
  61  5:25  Drone  
  61  5:27  Drone  
  64  5:29  Hydralisk  
  64  5:32  Overlord  
  66  5:40  Hydralisk  
  66  5:41  Evolution Chamber  
  67  5:44  Drone  
  67  5:45  Drone  
  67  5:48  Drone  
  70  5:50  Drone  
  70  5:52  Drone  
  70  5:54  Drone  
  73  6:03  Drone  
  74  6:05  Drone  
  74  6:08  Zerg Melee Weapons Level 1  
  74  6:13  Drone  
  74  6:16  Overlord  
  74  6:17  Drone  
  76  6:19  Drone  
  76  6:20  Drone  
  78  6:26  Drone, Burrow  
  78  6:27  Drone  
  80  6:36  Drone  
  80  6:37  Drone  
  82  6:47  Roach  
  82  6:48  Overlord, Drone  
  85  6:57  Roach  
  87  7:07  Overlord, Roach  
  89  7:12  Overseer  
  89  7:16  Overseer  
  89  7:17  Baneling Nest, Roach  
  89  7:19  Drone, Spore Crawler  
  89  7:22  Spore Crawler  
  89  7:23  Drone  
  89  7:26  Spore Crawler  
  89  7:27  Overlord, Roach  
  89  7:28  Drone  
  92  7:33  Drone, Spore Crawler  
  92  7:37  Queen, Roach  
  96  7:46  Overlord  
  96  7:47  Hydralisk  
  96  7:48  Infestation Pit  
  96  7:49  Spine Crawler  
  96  7:51  Spine Crawler, Drone  
  97  7:53  Drone  
  97  7:57  Hydralisk, Spine Crawler, Drone  
  99  8:02  Spine Crawler  
  99  8:03  Zerg Missile Weapons Level 1, Drone  
  99  8:06  Queen  
  99  8:07  Hydralisk  
  103  8:15  Spire  
  103  8:16  Drone  
  103  8:17  Evolution Chamber, Hydralisk  
  103  8:19  Drone  
  105  8:27  Roach  
  107  8:37  Roach x2  
  107  8:39  Roach  
  107  8:41  Queen  
  107  8:42  Roach x2  
  107  8:43  Zerg Ground Armor Level 1, Roach  
  107  8:47  Hydralisk  
  99  8:51  Roach  
  99  8:52  Queen  
  89  8:56  Hydralisk  
  89  8:57  Roach  
  68  9:06  Zergling x2  
  60  9:12  Hatchery  
  60  9:15  Hydralisk  
  46  9:22  Drone  
  38  9:25  Drone, Roach  
  37  9:34  Roach  
  28  9:40  Roach  
  28  9:43  Hydralisk  
  26  9:47  Drone  
  26  9:49  Roach  
  26  9:50  Hydralisk  
  26  9:51  Drone  
  26  9:52  Hydralisk  
  28  9:53  Roach  
  30  10:00  Roach  
  30  10:02  Roach  
  30  10:03  Roach  
  32  10:11  Hydralisk  
  34  10:19  Roach  
  34  10:21  Roach  
  34  10:24  Drone  
  34  10:26  Hydralisk, Drone  
  36  10:29  Drone x3  
  36  10:30  Hydralisk  
  36  10:31  Zergling x2  
  36  10:32  Drone, Roach  
  36  10:34  Drone  
  36  10:35  Drone  
  35  10:37  Hydralisk  
  35  10:41  Drone  
  35  10:42  Roach  
  31  10:44  Roach  
  31  10:45  Drone  
  28  10:51  Drone  
  28  10:52  Drone  
  22  10:57  Drone x2  
Tags
 
Add a new tag
Caveats
  • Supply blocks, unpowered buildings, or Contaminate may cause inaccurate times.
  • Supply counts are checked every 10 seconds.